 Dungeon Crawl Stone Soup version 0.23.0 (webtiles) character file.

Game seed: 779036381157686749

679 lyphon the Gusty (level 7, -3/27 HPs)
             Began as a Felid Air Elementalist on Feb 11, 2019.
             Was a Believer of Vehumet.
             Slain by a sky beast (6 damage)
             ... on level 7 of the Dungeon on Feb 12, 2019.
             The game lasted 00:27:20 (7700 turns).

lyphon the Gusty (Felid Air Elementalist)           Turns: 7700, Time: 00:27:21

Health: -3/27      AC:  2    Str:  4    XL:     7   Next: 34%
Magic:  16/16      EV: 18    Int: 19    God:    Vehumet [**....]
Gold:   418        SH:  0    Dex: 16    Spells: 13/17 levels left
                                        Lives:  0   Deaths: 2

rFire    . . .     SeeInvis +   (weapon unavailable)
rCold    . . .     Gourm    .   (shield unavailable)
rNeg     + . .     Faith    .   (armour unavailable)
rPois    .         Spirit   .   (helmet unavailable)
rElec    .         Reflect  .   (cloak unavailable)
rCorr    .         Harm     .   (gloves unavailable)
MR       +....                  (boots unavailable)
Stlth    +++.......             l - amulet of magic regeneration
HPRegen  0.09/turn              g - ring of positive energy
MPRegen  0.40/turn              (no ring)

@: quick
A: very small, no armour, no weapons or thrown items, stealth, claws 1, fangs 3,
see invisible, carnivore, speed 1, shaggy fur 2, slow metabolism 1, sharp paws
a: Renounce Religion


You were on level 7 of the Dungeon.
You worshipped Vehumet.
Vehumet was pleased with you.
You were not hungry.

You visited 1 branch of the dungeon, and saw 8 of its levels.

You collected 418 gold pieces.

Inventory:

Armour
 k - a +2 pair of boots
 r - a scarf of repulsion
Jewellery
 g - a ring of positive energy (left paw)
 l - an amulet of magic regeneration (around neck)
Scrolls
 a - 2 scrolls of fear
 c - 5 scrolls of teleportation
 d - 5 scrolls of remove curse
 e - a scroll of noise {unknown}
 f - 2 scrolls of identify
 h - 2 scrolls of magic mapping {unknown}
 o - 2 scrolls of immolation {unknown}
 q - 2 scrolls of amnesia {unknown}
 t - a scroll of enchant armour {unknown}
 w - a scroll of fog {unknown}
 x - a scroll of blinking {unknown}
Potions
 i - a potion of cancellation {unknown}
 j - a potion of lignification {unknown}
 m - 2 potions of haste
 n - a potion of curing {unknown}
 p - a potion of heal wounds
 s - a potion of might {unknown}
 u - a potion of brilliance {unknown}
 v - 2 potions of agility
Comestibles
 b - 12 rations


   Skills:
 + Level 0.3 Fighting
 - Level 2.6 Dodging
 - Level 2.6 Stealth
 + Level 0.5 Unarmed Combat
 + Level 5.6 Spellcasting
 + Level 4.9 Conjurations
 + Level 5.8 Air Magic


You had 13 spell levels left.
You knew the following spells:

 Your Spells              Type           Power        Failure   Level  Hunger
a - Shock                 Conj/Air       ####         1%          1    None
b - Static Discharge      Conj/Air       ####....     3%          3    ##.....

Your spell library contained the following spells:

 Spells                   Type           Power        Failure   Level  Hunger
 Throw Flame              Conj/Fire      ##....       6%          2    None
 Swiftness                Chrm/Air       ###.....     5%          2    None
 Airstrike                Air            ####......   11%         4    ####...
 Lightning Bolt           Conj/Air       ####......   34%         5    #####..


Dungeon Overview and Level Annotations

Branches:
Dungeon (8/15)             Temple (0/1) D:5
   Lair: D:8-11

Altars:
Fedhas
Hepliaklqana
Makhleb
Vehumet
Yredelemnul
Beogh


Innate Abilities, Weirdness & Mutations

You cannot wear armour.
You are incapable of wielding weapons or throwing items.
Your paws allow you to move quietly. (Stealth)
You have sharp claws.
You have razor-sharp teeth.
You have supernaturally acute eyesight. (SInv)
You are carnivorous and can eat meat at any time.
You cover ground quickly.
You are covered in thick fur. (AC +2)
You have a slow metabolism.
Your sharp claws are effective at attacking unaware monsters.


Message History

The sky beast hits you. The sky beast shocks you.
You scratch the sky beast.
The sky beast is moderately wounded.
The sky beast barely misses you.
You closely miss the sky beast.
The sky beast is moderately wounded.
The sky beast hits you. The sky beast shocks you.
You scratch the sky beast but do no damage.
The sky beast is moderately wounded.
The sky beast closely misses you.
You scratch the sky beast but do no damage.
The sky beast is moderately wounded.
The sky beast hits you. The sky beast shocks you.
* * * LOW HITPOINT WARNING * * *
You scratch the sky beast.
The sky beast is moderately wounded.
The sky beast hits you.
* * * LOW HITPOINT WARNING * * *
The sky beast shocks you.
You die...

#.####.###########
#.#....### #
#........# #
#........#
#........#
#..$.....#
#........#
#........# ####
#@.......######...
#Y...........##...
#........###.##...
#....##### #......
#.##.# #.#####
#...... #.#
+........ #.#
#......... ###
#.........


You could see a sky beast (invisible).

Vanquished Creatures
  Edmund (D:3)
  An elf zombie (D:5)
  2 bullfrogs (D:7)
  2 elf skeletons (D:5)
  A scorpion (D:7)
  A crimson imp (D:5)
  A bullfrog zombie (D:7)
  A hound (D:5)
  A jelly (D:7)
  An iguana (D:5)
  4 worker ants (D:4)
  Natasha (thrice) (D:4)
  A human skeleton (D:5)
  2 hound skeletons (D:4)
  14 gnolls
  9 adders
  A shadow imp (D:7)
  3 oozes
  An adder zombie (D:5)
  2 worms
  3 dart slugs
  2 leopard geckos
  5 orcs (D:4)
  4 ball pythons
  6 giant cockroaches
  8 goblins
  8 hobgoblins
  9 jackals
  8 kobolds
  2 quokkas
  14 bats
  3 frilled lizards
  A jackal skeleton (D:4)
  An orc skeleton (D:5)
  An orc zombie (D:5)
  9 rats
136 creatures vanquished.

Notes
Turn   | Place    | Note
-------+----------+-------------------------------------------
     0 | D:1      | lyphon the Felid Air Elementalist began the quest for the
                  | Orb.
     0 | D:1      | Reached XP level 1. HP: 7/7 MP: 4/4
    81 | D:1      | Reached skill level 1 in Conjurations
   178 | D:1      | Reached XP level 2. HP: 11/11 MP: 0/6
   994 | D:1      | Reached XP level 3. HP: 14/14 MP: 3/7
  1178 | D:2      | Learned a level 3 spell: Static Discharge
  1391 | D:2      | Found a blossoming altar of Fedhas.
  1452 | D:2      | Found a radiant altar of Vehumet.
  1462 | D:2      | Found a burning altar of Makhleb.
  1475 | D:2      | Became a worshipper of Vehumet
  1671 | D:2      | Found a hazy altar of Hepliaklqana.
  1994 | D:3      | Reached XP level 4. HP: 15/18 MP: 5/9
  2786 | D:3      | Reached XP level 5. HP: 21/21 MP: 7/10
  2797 | D:3      | Reached * piety under Vehumet
  2797 | D:3      | Offered knowledge of Sandblast by Vehumet.
  3634 | D:4      | You fall through a shaft!
  3634 | D:5      | Entered Level 5 of the Dungeon
  3743 | D:4      | Noticed Edmund
  4044 | D:3      | Slain by Edmund
  4045 | D:3      | Reached XP level 4. HP: -3/18 MP: 10/10
  4086 | D:4      | Reached XP level 5. HP: 17/21 MP: 7/11
  4684 | D:4      | Noticed Natasha
  4689 | D:4      | Killed Natasha
  4689 | D:4      | Gained mutation: You are covered in thick fur. (AC +2)
                  | [Felid growth]
  4689 | D:4      | Reached XP level 6. HP: 24/24 MP: 8/13
  4724 | D:4      | Noticed Natasha
  4793 | D:4      | Killed Natasha
  4807 | D:4      | Found a roughly hewn altar of Beogh.
  5310 | D:3      | Killed Edmund
  5313 | D:3      | HP: 1/24 [poisoned by Edmund]
  5699 | D:4      | Noticed Natasha
  5701 | D:4      | Killed Natasha
  5938 | D:5      | Found a staircase to the Ecumenical Temple.
  5965 | D:5      | Reached XP level 7. HP: 26/27 MP: 8/14
  6284 | D:5      | Reached skill level 5 in Air Magic
  6558 | D:5      | Offered knowledge of Throw Flame by Vehumet.
  6558 | D:5      | Reached skill level 5 in Spellcasting
  6708 | D:5      | Reached ** piety under Vehumet
  6953 | D:6      | Found a burning altar of Makhleb.
  7329 | D:6      | Found a basalt altar of Yredelemnul.
  7355 | D:6      | You fall through a shaft for 2 floors!
  7387 | D:8      | Slain by an ice beast
  7388 | D:8      | Reached XP level 6. HP: -4/24 MP: 15/15
  7458 | D:7      | Reached XP level 7. HP: 27/27 MP: 11/16
  7515 | D:7      | Noticed a hungry ghost
  7700 | D:7      | Slain by a sky beast

Skill      XL: |  1  2  3  4  5  6  7 |
---------------+----------------------+-----
Conjurations   | 1 2 3 4 |  4.9
Air Magic      | 3 4 5 |  5.8
Spellcasting   | 3 4 5 |  5.6
Fighting       | |  0.3
Dodging        | |  2.6
Stealth        | |  2.6
Unarmed Combat | |  0.5

Action                   |  1- 3 |  4- 6 |  7- 9 || total
-------------------------+-------+-------+-------++-------
Melee: Unarmed           |    24 |       |    11 ||    35
       Bite              |     1 |       |     1 ||     2
 Cast: Shock             |   111 |   250 |   126 ||   487
       Static Discharge  |       |    14 |       ||    14
  Use: Scroll            |       |     5 |       ||     5
       Potion            |       |     1 |       ||     1
  Eat: Chunk             |     3 |     4 |     3 ||    10
       Ration            |       |     1 |     1 ||     2
Armor: Skin              |     5 |     2 |     4 ||    11
Dodge: Dodged            |    40 |   107 |    40 ||   187
